[Event "45th FIDE Olympiad 2024"]
[Site "Budapest"]
[Date "2024.09.12"]
[Round "2.182"]
[White "Mendez Machado, Andre"]
[Black "Nascimento, Admilton De Ceita Do"]
[Result "1/2-1/2"]
[ECO "B07"]
[WhiteElo "2122"]
[BlackElo "1908"]
[Annotator "NA"]
[PlyCount "56"]
[EventDate "2024.09.05"]
[EventType "team-tourn"]
[EventCountry "HUN"]
[SourceTitle "playchess.com"]
[Source "ChessBase"]
[SourceQuality "1"]
[WhiteTeam "Panama"]
[BlackTeam "Sao Tome and Principe"]
[WhiteTeamCountry "PAN"]
[BlackTeamCountry "SAO"]
[TimeControl "40/5400+30:1800+30"]

1. e4 d6 2. d4 g6 3. Nc3 Bg7 4. Be3 Nf6 5. f3 Nc6 6. Qd2 Bd7 7. O-O-O O-O 8. h4 h5 9. e5 Nh7 10. f4 dxe5 11. fxe5 Bf5 12. a3 Qc8 13. Nf3 Rd8 14. Qf2 a6 15. Bf4 b5 16. d5 b4 17. Nb1 bxa3 18. Nxa3 Nb4 19. Bc4 Qb7 20. Qc5 Rab8 21. b3 e6 22. dxe6 fxe6 23. Rxd8+ Rxd8 24. Nd4 Qxg2 25. Rf1 Bf8 26. Qa7 Nd3+ 27. Bxd3 Bxa3+ 28. Kb1 Bxd3 1/2-1/2

[Event "45th FIDE Olympiad 2024"]
[Site "Budapest"]
[Date "2024.09.12"]
[Round "2.183"]
[White "Lima, Osvaldo Dos Santos"]
[Black "Baules Rodriguez, Jorge Luis"]
[Result "0-1"]
[ECO "A16"]
[WhiteElo "1903"]
[BlackElo "2271"]
[Annotator "ChessBase"]
[PlyCount "72"]
[EventDate "2024.09.05"]
[EventType "team-tourn"]
[EventCountry "HUN"]
[SourceTitle "playchess.com"]
[Source "ChessBase"]
[SourceQuality "1"]
[WhiteTeam "Sao Tome and Principe"]
[BlackTeam "Panama"]
[WhiteTeamCountry "SAO"]
[BlackTeamCountry "PAN"]
[TimeControl "40/5400+30:1800+30"]

1. c4 g6 2. Nc3 Nf6 3. e4 e5 4. Nf3 Bg7 5. d3 O-O 6. h3 c6 7. Bg5 h6 8. Bh4 Qb6 9. Qc2 Nh5 10. Be7 Re8 11. c5 Qa5 12. Bd6 Na6 13. Qa4 Qd8 14. O-O-O b6 15. b4 Bb7 16. g3 Nc7 17. Be2 a5 18. cxb6 Nb5 19. Nxb5 cxb5 20. Qxb5 Bc6 21. Qc5 axb4 22. Rd2 b3 23. a3 Qf6 24. Kb2 Re6 25. Bxe5 Rxe5 26. Nxe5 Qg5 27. f4 Nxf4 28. gxf4 Qxf4 29. Qc3 Bxe5 30. d4 Bd6 31. Rf1 Bxa3+ 32. Kxb3 Qxe4 33. Qc4 Bd5 34. Kc3 Bxc4 35. Bxc4 Rc8 36. Rd3 d5 0-1

[Event "45th FIDE Olympiad 2024"]
[Site "Budapest"]
[Date "2024.09.12"]
[Round "2.184"]
[White "Schnell, Sebastian Narayana"]
[Black "Semedo, Adelino"]
[Result "1/2-1/2"]
[ECO "D30"]
[WhiteElo "2059"]
[BlackElo "1827"]
[Annotator "NA"]
[PlyCount "94"]
[EventDate "2024.09.05"]
[EventType "team-tourn"]
[EventCountry "HUN"]
[SourceTitle "playchess.com"]
[Source "ChessBase"]
[SourceQuality "1"]
[WhiteTeam "Panama"]
[BlackTeam "Sao Tome and Principe"]
[WhiteTeamCountry "PAN"]
[BlackTeamCountry "SAO"]
[TimeControl "40/5400+30:1800+30"]

1. d4 d5 2. c4 c6 3. Nf3 e6 4. Bg5 f6 5. Bh4 Nh6 6. e3 Nf5 7. cxd5 cxd5 8. Bd3 Nxh4 9. Nxh4 Bb4+ 10. Nc3 O-O 11. Qh5 f5 12. f4 Qa5 13. Kd2 Nd7 14. h3 Nf6 15. Qe2 Bd7 16. g4 Rac8 17. Rhc1 Ne4+ 18. Bxe4 dxe4 19. a3 Bxc3+ 20. bxc3 Bb5 21. Qd1 Ba4 22. Qe2 Rc6 23. Rab1 Rfc8 24. Rb4 b5 25. gxf5 Qd8 26. f6 Qxf6 27. Qh5 Qe7 28. Qg5 Qf8 29. f5 a5 30. Rbb1 Rxc3 31. Rxc3 Rxc3 32. Kxc3 Qxa3+ 33. Kd2 Qd3+ 34. Ke1 Qxb1+ 35. Kf2 Qc2+ 36. Ke1 Qc1+ 37. Kf2 Qc2+ 38. Ke1 Qc1+ 39. Kf2 Qc7 40. fxe6 Qc2+ 41. Kg3 Qc7+ 42. Kg2 b4 43. e7 Qc2+ 44. Kg3 Qc7+ 45. Kg2 Qc2+ 46. Kg3 Qc7+ 47. Kg2 Qc2+ 1/2-1/2

[Event "45th FIDE Olympiad 2024"]
[Site "Budapest"]
[Date "2024.09.12"]
[Round "2.185"]
[White "Elbilia, Jacques"]
[Black "Ayyad, Husain"]
[Result "1/2-1/2"]
[ECO "D36"]
[WhiteElo "2343"]
[BlackElo "2129"]
[Annotator "TA"]
[PlyCount "151"]
[EventDate "2024.09.05"]
[EventType "team-tourn"]
[EventCountry "HUN"]
[SourceTitle "playchess.com"]
[Source "ChessBase"]
[SourceQuality "1"]
[WhiteTeam "Morocco"]
[BlackTeam "Bahrain"]
[WhiteTeamCountry "MAR"]
[BlackTeamCountry "BHN"]
[TimeControl "40/5400+30:1800+30"]

1. d4 Nf6 2. c4 e6 3. Nc3 d5 4. cxd5 exd5 5. Bg5 Be7 6. e3 O-O 7. Bd3 Re8 8. Nge2 Nbd7 9. O-O c6 10. Qc2 Nf8 11. Rae1 Ne4 12. Bxe7 (12. Bxe4 Bxg5 13. Bf5 Bxf5 14. Qxf5 Be7 $16) (12. Nxe4 dxe4 13. Bxe7 exd3 14. Bxd8 dxc2 $19) 12... Qxe7 13. Bxe4 dxe4 14. Ng3 {[%cal Rc2e4] White is slightly better.} b6 15. Qa4 $1 {Prevents Ba6.} ({But not} 15. Qxe4 Qxe4 16. Ncxe4 (16. Ngxe4 Ba6 $15) 16... Ba6 $11) (15. Ncxe4 Ba6 $15) 15... b5 16. Qc2 b4 17. Nce2 Bb7 18. Rc1 Nd7 {[#]} 19. a3 $1 a5 20. axb4 axb4 21. Qb3 g6 22. Nf4 Ba6 23. Rfd1 Bb5 24. Ra1 {Wards off Ba4} Nb6 25. Rxa8 Rxa8 26. Qc2 Re8 27. d5 cxd5 28. Nxd5 Nxd5 29. Rxd5 Bd3 30. Qc6 Rb8 (30... Qe6 $11 31. Rd6 Qc8) 31. h3 $16 b3 32. Rd4 Qe8 33. Qf6 {White is more active. Black is weak on the dark squares} Rc8 34. Rd6 {Against Qe6} Qf8 35. f3 Qg7 $2 ({Black should play} 35... Bc2 $14) 36. Rd8+ (36. fxe4 $2 {perishes.} Rc1+ 37. Kh2 Qxf6 38. Rxf6 Rc2 $19) 36... Rxd8 37. Qxd8+ $18 {[%mdl 4096] Endgame. KQB-KQN} Qf8 {[#]} 38. Qd4 ({White must play} 38. Qxf8+ $1 $18 Kxf8 39. Nxe4 Bxe4 40. fxe4) 38... Qc8 $11 39. fxe4 Qc1+ (39... Qc2 $11) 40. Kf2 (40. Kh2 $16 {Hoping for Qd8+.} Qc2 41. Qd8+ Kg7 42. h4) 40... Qc2+ 41. Kf3 Qd1+ 42. Kf4 Qc2 43. Kf3 Bc4 44. e5 Bb5 {[#]} (44... h5 $11 {remains equal.}) 45. Qd8+ $1 $16 Kg7 46. Qf6+ Kg8 47. e6 Bc6+ 48. Kg4 (48. e4 $16 Qd3+ 49. Kg4) 48... Qc4+ $11 {The position is equal.} 49. e4 fxe6 50. Qe5 h6 51. h4 Kf7 52. h5 gxh5+ 53. Qxh5+ Ke7 54. Qe5 {Inhibits Qd4. Strongly threatening Nf5+.} Kd8 55. Qh8+ Kc7 56. Qxh6 Qc2 57. Qg7+ Kc8 58. Qf8+ Kb7 59. Qe7+ Kb6 60. Qb4+ Kc7 61. Qa5+ Kb7 62. Qb4+ Kc7 63. Qa5+ Kb7 64. Qb4+ Kc7 65. Qe7+ Kb6 66. Qd8+ Kb7 67. Qd4 Qxg2 68. Qb4+ Kc7 69. Qxb3 Bxe4 (69... Qd2 {simplifies} 70. Qc3 Qxc3 71. bxc3 Kd6) 70. Qxe6 {Black should prevent Qe7+.} Bb7 {[%cal Ob7c8] ...Bc8! is the strong threat.} 71. Qe5+ Kb6 72. Qd4+ Kc7 73. Qc3+ Kb6 74. Kf4 Qf2+ 75. Ke5 Qc5+ 76. Qxc5+ {Weighted Error Value: White=0.12 (very precise) /Black=0.17 (very precise) .  Loses game:     	---       	Black=1      Mistake:       	White=3     	Black=3      Inaccurate:     	White=3     	Black=2      OK:         	White=24    	Black=31     Best:        	White=4     	Black=2      Strong:       	White=2     	---} 1/2-1/2

[Event "45th FIDE Olympiad 2024"]
[Site "Budapest"]
[Date "2024.09.12"]
[Round "2.186"]
[White "Ayyad, Maher"]
[Black "Ouakhir, Mehdi Pierre"]
[Result "0-1"]
[ECO "D02"]
[WhiteElo "1980"]
[BlackElo "2191"]
[Annotator "ChessBase"]
[PlyCount "72"]
[EventDate "2024.09.05"]
[EventType "team-tourn"]
[EventCountry "HUN"]
[SourceTitle "playchess.com"]
[Source "ChessBase"]
[SourceQuality "1"]
[WhiteTeam "Bahrain"]
[BlackTeam "Morocco"]
[WhiteTeamCountry "BHN"]
[BlackTeamCountry "MAR"]
[TimeControl "40/5400+30:1800+30"]

1. d4 d5 2. Nf3 Nf6 3. Bf4 Bf5 4. e3 e6 5. Ne5 h6 6. Bd3 Bxd3 7. Qxd3 c6 8. O-O Nbd7 9. Nxd7 Qxd7 10. Nd2 Bd6 11. Bxd6 Qxd6 12. e4 dxe4 13. Nxe4 Nxe4 14. Qxe4 O-O 15. c3 Rfd8 16. Rfe1 Rd7 17. Re3 c5 18. dxc5 Qxc5 19. Rd3 Rad8 20. Rad1 Rxd3 21. Rxd3 Rxd3 22. Qxd3 g5 23. h4 Kg7 24. hxg5 hxg5 25. b4 Qe5 26. g3 b5 27. Kf1 g4 28. Qe2 Qg5 29. Qe3 Qxe3 30. fxe3 Kf6 31. Ke2 Ke5 32. Kd3 f5 33. c4 bxc4+ 34. Kc3 Kd5 35. a4 e5 36. a5 a6 0-1

[Event "45th FIDE Olympiad 2024"]
[Site "Budapest"]
[Date "2024.09.12"]
[Round "2.187"]
[White "Moayad, Anas"]
[Black "Monther, Alfardan"]
[Result "1-0"]
[ECO "C79"]
[WhiteElo "2016"]
[BlackElo "1834"]
[Annotator "NA"]
[PlyCount "59"]
[EventDate "2024.09.05"]
[EventType "team-tourn"]
[EventCountry "HUN"]
[SourceTitle "playchess.com"]
[Source "ChessBase"]
[SourceQuality "1"]
[WhiteTeam "Morocco"]
[BlackTeam "Bahrain"]
[WhiteTeamCountry "MAR"]
[BlackTeamCountry "BHN"]
[TimeControl "40/5400+30:1800+30"]

1. e4 e5 2. Nf3 Nc6 3. Bb5 a6 4. Ba4 Nf6 5. O-O d6 6. Re1 b5 7. Bb3 Na5 8. d4 Nxb3 9. axb3 exd4 10. e5 dxe5 11. Nxe5 Be6 12. Nc6 Qd6 13. Nxd4 Rd8 14. Nxe6 fxe6 15. Qe2 Be7 16. Bg5 O-O 17. Nc3 Nd5 18. Bxe7 Qxe7 19. Nxd5 Rxd5 20. Rxa6 Rf6 21. g3 Kf7 22. Rd1 Rdf5 23. Rd2 g6 24. Qe4 Qc5 25. Rc6 Qe7 26. b4 g5 27. g4 Rf4 28. Qxh7+ Kf8 29. Rxc7 Rxg4+ 30. Kf1 1-0

[Event "45th FIDE Olympiad 2024"]
[Site "Budapest"]
[Date "2024.09.12"]
[Round "2.188"]
[White "Shaker, Musab"]
[Black "Nait, Elasri Brahim"]
[Result "1-0"]
[ECO "A48"]
[WhiteElo "1757"]
[BlackElo "1994"]
[Annotator "NA"]
[PlyCount "75"]
[EventDate "2024.09.05"]
[EventType "team-tourn"]
[EventCountry "HUN"]
[SourceTitle "playchess.com"]
[Source "ChessBase"]
[SourceQuality "1"]
[WhiteTeam "Bahrain"]
[BlackTeam "Morocco"]
[WhiteTeamCountry "BHN"]
[BlackTeamCountry "MAR"]
[TimeControl "40/5400+30:1800+30"]

1. d4 Nf6 2. Nf3 g6 3. Bf4 Bg7 4. e3 d6 5. Be2 O-O 6. c4 Nc6 7. Nc3 h6 8. h3 a6 9. O-O Qe8 10. Re1 e5 11. Bh2 e4 12. Nd2 h5 13. Nd5 Nxd5 14. cxd5 Nb4 15. Qb3 a5 16. Rac1 Qe7 17. a3 Nd3 18. Bxd3 exd3 19. Qxd3 f5 20. Rc3 b6 21. Rec1 Ra7 22. Qc2 Rf7 23. a4 g5 24. Nc4 Bb7 25. Na3 Bxd5 26. Nb5 Be4 27. Qb3 c6 28. Nxa7 Qxa7 29. Bxd6 g4 30. hxg4 fxg4 31. Rxc6 Bxc6 32. Rxc6 Kh7 33. Qd3+ Kg8 34. Rc8+ Rf8 35. Bxf8 Bxf8 36. Qg6+ Qg7 37. Qxg7+ Kxg7 38. Rc6 1-0

[Event "45th FIDE Olympiad 2024"]
[Site "Budapest"]
[Date "2024.09.12"]
[Round "2.189"]
[White "Mompel Ferruz, Xavier"]
[Black "Araujo Sanchez, Josue"]
[Result "1/2-1/2"]
[ECO "B15"]
[WhiteElo "2273"]
[BlackElo "2296"]
[Annotator "ChessBase"]
[PlyCount "71"]
[EventDate "2024.09.05"]
[EventType "team-tourn"]
[EventCountry "HUN"]
[SourceTitle "playchess.com"]
[Source "ChessBase"]
[SourceQuality "1"]
[WhiteTeam "Equatorial Guinea"]
[BlackTeam "Dominican Republic"]
[BlackTeamCountry "DOM"]
[TimeControl "40/5400+30:1800+30"]

1. e4 c6 2. d4 d5 3. Nc3 dxe4 4. Nxe4 Nf6 5. Nxf6+ exf6 6. c3 Bd6 7. Bd3 O-O 8. Qc2 Re8+ 9. Ne2 h5 10. O-O h4 11. h3 Nd7 12. Bd2 Nf8 13. Rae1 Bc7 14. f4 Qd6 15. c4 Bd7 16. c5 Qd5 17. Bc4 Bf5 18. Qb3 Qd7 19. d5 b5 20. Bd3 Bxd3 21. Qxd3 Qxd5 22. Qxd5 cxd5 23. b4 a6 24. Nd4 Ne6 25. Nf5 g6 26. Nxh4 Nd4 27. Kf2 Nc6 28. Rxe8+ Rxe8 29. Re1 Rxe1 30. Kxe1 Kf8 31. Nf3 f5 32. Ke2 Ke7 33. Kd3 Ke6 34. Ng5+ Ke7 35. Nf3 Ke6 36. Ng5+ 1/2-1/2

[Event "45th FIDE Olympiad 2024"]
[Site "Budapest"]
[Date "2024.09.12"]
[Round "2.190"]
[White "Camacho Campusano, David Daniel"]
[Black "Oscar, Naranjo Gonzalez"]
[Result "1-0"]
[ECO "C01"]
[WhiteElo "2219"]
[BlackElo "1861"]
[Annotator "ChessBase"]
[PlyCount "115"]
[EventDate "2024.09.05"]
[EventType "team-tourn"]
[EventCountry "HUN"]
[SourceTitle "playchess.com"]
[Source "ChessBase"]
[SourceQuality "1"]
[WhiteTeam "Dominican Republic"]
[BlackTeam "Equatorial Guinea"]
[WhiteTeamCountry "DOM"]
[TimeControl "40/5400+30:1800+30"]

1. e4 e6 2. d4 d5 3. Bd3 dxe4 4. Bxe4 Nf6 5. Bf3 c5 6. Ne2 Be7 7. O-O O-O 8. Be3 Qb6 9. Nbc3 Nbd7 10. dxc5 Bxc5 11. Na4 Qa5 12. Nxc5 Nxc5 13. Qd4 Ncd7 14. b4 Qc7 15. Qc3 Qxc3 16. Nxc3 Ne5 17. Be2 Nd5 18. Nxd5 exd5 19. Rad1 Nc4 20. Bc5 Re8 21. Rxd5 b5 22. Bd3 Be6 23. Rd4 a6 24. a4 Red8 25. a5 Rxd4 26. Bxd4 Rd8 27. Bc5 g6 28. Be7 Rc8 29. Bf6 Nd6 30. Rd1 Ne8 31. Be7 f5 32. Bc5 Kf7 33. Be2 Nf6 34. Rd6 Ra8 35. Bf3 Ne4 36. Rc6 Bd7 37. Rb6 h5 38. h4 Bc8 39. Bd4 Be6 40. c3 Ke7 41. Be2 Kf7 42. f3 Nd2 43. Kf2 Ke7 44. Kg3 Nb3 45. Be3 Bd5 46. Kf4 Be6 47. Ke5 Bf7 48. Rb7+ Kf8 49. Kf6 Bd5 50. Bh6+ Kg8 51. Rd7 Bc6 52. Rg7+ Kh8 53. Rxg6 Ra7 54. Bd3 Bd5 55. Bxf5 Nd4 56. cxd4 Bf7 57. Bg7+ Kg8 58. Rh6 1-0

[Event "45th FIDE Olympiad 2024"]
[Site "Budapest"]
[Date "2024.09.12"]
[Round "2.191"]
[White "Angel, Estanislao Gatjens C"]
[Black "Jimenez Jimenez, Leandro"]
[Result "0-1"]
[ECO "D00"]
[WhiteElo "1849"]
[BlackElo "2188"]
[Annotator "ChessBase"]
[PlyCount "116"]
[EventDate "2024.09.05"]
[EventType "team-tourn"]
[EventCountry "HUN"]
[SourceTitle "playchess.com"]
[Source "ChessBase"]
[SourceQuality "1"]
[WhiteTeam "Equatorial Guinea"]
[BlackTeam "Dominican Republic"]
[BlackTeamCountry "DOM"]
[TimeControl "40/5400+30:1800+30"]

1. d4 d5 2. Bf4 c5 3. e3 Nc6 4. Nc3 a6 5. Nf3 Bg4 6. Be2 e6 7. O-O Nf6 8. Ne5 Bxe2 9. Nxe2 Be7 10. c3 O-O 11. h3 Rc8 12. a3 b5 13. dxc5 Bxc5 14. Nxc6 Rxc6 15. Bg5 h6 16. Bxf6 Qxf6 17. Nd4 Rb6 18. Rc1 Rd8 19. Qf3 Qg5 20. Qg4 Qf6 21. Qf3 Qe5 22. Qd1 Bd6 23. Nf3 Qh5 24. Nd4 Qg5 25. f4 Qf6 26. Nf3 Bc5 27. Qd3 Qxf4 28. Rce1 Qg3 29. Qe2 e5 30. Qf2 Qxf2+ 31. Rxf2 f6 32. Rd2 Kf7 33. Kf2 Ke6 34. Red1 Rc6 35. Ke2 Bb6 36. Ne1 Rc4 37. Nc2 a5 38. Kf3 f5 39. g3 g5 40. Kg2 h5 41. Rd3 h4 42. R3d2 Re4 43. Re1 hxg3 44. Kxg3 Rh8 45. Rh2 Reh4 46. Reh1 Bxe3 47. Nxe3 f4+ 48. Kf3 fxe3 49. Kxe3 g4 50. Rg2 Rxh3+ 51. Rxh3 Rxh3+ 52. Ke2 g3 53. Kf3 Kf5 54. Rg1 e4+ 55. Kg2 Kg4 56. Rd1 Rh2+ 57. Kg1 e3 58. Rxd5 Rd2 0-1

[Event "45th FIDE Olympiad 2024"]
[Site "Budapest"]
[Date "2024.09.12"]
[Round "2.192"]
[White "Mendez Ramirez, Victor"]
[Black "Pedro, Manuel Envo Engonga "]
[Result "1-0"]
[ECO "A16"]
[WhiteElo "2191"]
[BlackElo "1702"]
[Annotator "ChessBase"]
[PlyCount "89"]
[EventDate "2024.09.05"]
[EventType "team-tourn"]
[EventCountry "HUN"]
[SourceTitle "playchess.com"]
[Source "ChessBase"]
[SourceQuality "1"]
[WhiteTeam "Dominican Republic"]
[BlackTeam "Equatorial Guinea"]
[WhiteTeamCountry "DOM"]
[TimeControl "40/5400+30:1800+30"]

1. c4 d5 2. cxd5 Nf6 3. Nc3 Nxd5 4. e4 Nb4 5. d3 g6 6. h3 Bg7 7. Nf3 N8c6 8. a3 Na6 9. Be3 O-O 10. d4 Nab8 11. Bc4 Nd7 12. O-O Nb6 13. Ba2 Qd7 14. Qd2 Rd8 15. Rfd1 Na5 16. Qe2 Nc6 17. Rac1 a6 18. Ng5 Rf8 19. d5 Na7 20. f4 Qd8 21. e5 h6 22. Nf3 Bd7 23. e6 Be8 24. exf7+ Bxf7 25. Ne5 Be8 26. d6+ e6 27. Bxe6+ Kh7 28. Bxb6 cxb6 29. d7 Qf6 30. dxe8=Q Rfxe8 31. Bd7 Qxf4 32. Bxe8 Rxe8 33. Nd3 Qd4+ 34. Qf2 Qc4 35. Kh1 Qb3 36. Qc2 Qc4 37. Re1 Rd8 38. Ne5 Qe6 39. Nf3 Qf7 40. Ne4 Kg8 41. Re2 Nc6 42. Rce1 Rf8 43. Nd6 Qc7 44. Qxg6 Rd8 45. Re8+ 1-0

[Event "45th FIDE Olympiad 2024"]
[Site "Budapest"]
[Date "2024.09.12"]
[Round "2.193"]
[White "Johnson, Joshua"]
[Black "Morazo, John Ranel"]
[Result "1-0"]
[ECO "B30"]
[WhiteElo "2267"]
[BlackElo "2200"]
[Annotator "ChessBase"]
[PlyCount "141"]
[EventDate "2024.09.05"]
[EventType "team-tourn"]
[EventCountry "HUN"]
[SourceTitle "playchess.com"]
[Source "ChessBase"]
[SourceQuality "1"]
[WhiteTeam "Trinidad & Tobago"]
[BlackTeam "Palau"]
[BlackTeamCountry "PAL"]
[TimeControl "40/5400+30:1800+30"]

1. e4 c5 2. Nf3 Nc6 3. Bb5 Nf6 4. Nc3 g6 5. e5 Ng4 6. Qe2 Bg7 7. Bxc6 dxc6 8. h3 Nh6 9. Ne4 b6 10. O-O O-O 11. Rd1 Qc7 12. d3 f6 13. Bf4 fxe5 14. Bh2 Nf7 15. Ned2 Qd8 16. Nc4 Bd7 17. Ncxe5 Be8 18. Re1 a5 19. a4 Ra7 20. Qe3 Nd6 21. c3 Nf5 22. Qe4 Qd5 23. Nc4 Bf7 24. Nxb6 Qb3 25. Qxc6 Qxb2 26. Nd5 Qb7 27. Qxb7 Rxb7 28. Ne3 Bxc3 29. Nxf5 Bxe1 30. Nh6+ Kg7 31. Nxf7 Bc3 32. Be5+ Bxe5 33. N7xe5 Rfb8 34. Nd2 Rb2 35. Nec4 R2b4 36. Ne4 Rc8 37. Kf1 h6 38. Ke2 Rc7 39. Nxa5 Ra7 40. Nc4 Raxa4 41. Rxa4 Rxa4 42. Nxc5 Ra2+ 43. Ke3 Kf6 44. Ne4+ Ke6 45. Nc3 Ra1 46. Ne2 Kf5 47. Nd2 Ra2 48. Nf3 Rb2 49. Nf4 Ra2 50. Nh4+ Kf6 51. Nfxg6 e5 52. f4 exf4+ 53. Nxf4 Ra1 54. Nf3 Rb1 55. g4 Ra1 56. Ke4 Rb1 57. h4 Ra1 58. Nd5+ Kg6 59. Ne5+ Kg7 60. Kf5 Rh1 61. h5 Rd1 62. Nf4 Kh7 63. Kf6 Rf1 64. Neg6 Rd1 65. Kf7 Rf1 66. d4 Rf2 67. d5 Rf1 68. d6 Rf2 69. d7 Rf1 70. Ke7 Re1+ 71. Ne6 1-0

[Event "45th FIDE Olympiad 2024"]
[Site "Budapest"]
[Date "2024.09.12"]
[Round "2.194"]
[White "Tan, Santiago Jr"]
[Black "Cabralis, Quinn"]
[Result "0-1"]
[ECO "B40"]
[WhiteElo "1903"]
[BlackElo "2169"]
[Annotator "ChessBase"]
[PlyCount "90"]
[EventDate "2024.09.05"]
[EventType "team-tourn"]
[EventCountry "HUN"]
[SourceTitle "playchess.com"]
[Source "ChessBase"]
[SourceQuality "1"]
[WhiteTeam "Palau"]
[BlackTeam "Trinidad & Tobago"]
[WhiteTeamCountry "PAL"]
[TimeControl "40/5400+30:1800+30"]

1. e4 c5 2. Nf3 e6 3. c3 d5 4. Bb5+ Bd7 5. Bxd7+ Qxd7 6. exd5 Qxd5 7. d4 Nf6 8. O-O Nc6 9. Qb3 Qxb3 10. axb3 cxd4 11. Nxd4 Nxd4 12. cxd4 Be7 13. Nc3 O-O 14. Be3 a5 15. Bg5 Rfd8 16. Rfd1 h6 17. Be3 Nd5 18. h3 Nb4 19. Rd2 Rd7 20. Na4 Nd5 21. Rc1 b5 22. Nc5 Rc7 23. Nd3 Rxc1+ 24. Nxc1 Rc8 25. Nd3 Bd6 26. Kf1 Kf8 27. Ke2 Ke7 28. Kd1 Nb4 29. Nxb4 Bxb4 30. Rd3 Kd6 31. f3 Kd5 32. h4 a4 33. bxa4 bxa4 34. Bf2 Be7 35. g3 Bf6 36. Kd2 Rc4 37. b3 Rb4 38. bxa4 Rxa4 39. Kc3 Rc4+ 40. Kb3 Bxd4 41. g4 e5 42. g5 hxg5 43. hxg5 Rc8 44. f4 Rb8+ 45. Ka4 Kc4 0-1

[Event "45th FIDE Olympiad 2024"]
[Site "Budapest"]
[Date "2024.09.12"]
[Round "2.195"]
[White "Harper, Ryan"]
[Black "Salvadora, Angelo"]
[Result "1-0"]
[ECO "D06"]
[WhiteElo "2124"]
[BlackElo "1812"]
[Annotator "NA"]
[PlyCount "69"]
[EventDate "2024.09.05"]
[EventType "team-tourn"]
[EventCountry "HUN"]
[SourceTitle "playchess.com"]
[Source "ChessBase"]
[SourceQuality "1"]
[WhiteTeam "Trinidad & Tobago"]
[BlackTeam "Palau"]
[BlackTeamCountry "PAL"]
[TimeControl "40/5400+30:1800+30"]

1. d4 d5 2. Bf4 Bf5 3. c4 e6 4. Nc3 c6 5. Qb3 b6 6. Qa4 Bd6 7. Bg3 Bxg3 8. hxg3 Qf6 9. Nf3 Ne7 10. Ne5 O-O 11. g4 Bg6 12. e3 c5 13. f4 h6 14. Qd1 cxd4 15. Qxd4 Rd8 16. Rd1 Na6 17. cxd5 Nc5 18. d6 Nc8 19. Nc6 Qxd4 20. Rxd4 Rxd6 21. Ne7+ Kh7 22. Nxc8 Rxd4 23. exd4 Rxc8 24. dxc5 Rxc5 25. Rh3 f6 26. Bd3 Bxd3 27. Rxd3 Rc4 28. g3 Kg6 29. Kf2 a5 30. Rd6 Rb4 31. b3 Kf7 32. Rd7+ Kg6 33. Ke3 e5 34. f5+ Kh7 35. Nd5 1-0

[Event "45th FIDE Olympiad 2024"]
[Site "Budapest"]
[Date "2024.09.12"]
[Round "2.197"]
[White "Hasford, John Kojo"]
[Black "Khoder, Akram"]
[Result "0-1"]
[ECO "D18"]
[WhiteElo "1956"]
[BlackElo "2239"]
[Annotator "ChessBase"]
[PlyCount "126"]
[EventDate "2024.09.05"]
[EventType "team-tourn"]
[EventCountry "HUN"]
[SourceTitle "playchess.com"]
[Source "ChessBase"]
[SourceQuality "1"]
[WhiteTeam "Ghana"]
[BlackTeam "Lebanon"]
[WhiteTeamCountry "GHA"]
[BlackTeamCountry "LBN"]
[TimeControl "40/5400+30:1800+30"]

1. d4 d5 2. Nf3 Nf6 3. c4 c6 4. Nc3 dxc4 5. a4 Bf5 6. e3 e6 7. Bxc4 Bb4 8. O-O O-O 9. Qb3 c5 10. Na2 Nc6 11. Nxb4 Nxb4 12. dxc5 Nc2 13. Ra2 Nd7 14. Qc3 a5 15. b3 Nb4 16. Rd2 Qf6 17. Qxf6 Nxf6 18. Nd4 Ne4 19. Rdd1 Bg6 20. Ba3 Nxc5 21. Bxb4 axb4 22. f3 e5 23. Nb5 Bc2 24. Rd5 Nxb3 25. Rf2 Na1 26. Rxc2 Nxc2 27. Bb3 Nxe3 28. Rxe5 Rfe8 29. Rxe8+ Rxe8 30. Kf2 Nf5 31. g4 Ne7 32. Nd6 Rd8 33. Nxb7 Rd3 34. Na5 Rc3 35. Bd1 Nd5 36. Ke2 Ne3 37. Bb3 Nc2 38. Bxc2 Rxc2+ 39. Kd3 Ra2 40. Nb3 Rxa4 41. Kc4 Ra2 42. h4 g6 43. Kxb4 Rh2 44. Kc4 Rxh4 45. Kd3 h5 46. gxh5 Rxh5 47. Ke3 Re5+ 48. Kf4 Rb5 49. Nd2 Rb4+ 50. Kg3 Kg7 51. Ne4 f5 52. Ng5 Kh6 53. f4 Kh5 54. Nf3 Rb3 55. Kf2 Kg4 56. Ne5+ Kxf4 57. Nxg6+ Ke4 58. Nh4 f4 59. Ng2 Rb2+ 60. Kf1 f3 61. Nh4 Kf4 62. Kg1 Ra2 63. Kf1 Rh2 0-1

[Event "45th FIDE Olympiad 2024"]
[Site "Budapest"]
[Date "2024.09.12"]
[Round "2.198"]
[White "Arkadan, Adib"]
[Black "Anquandah, Francis Eric"]
[Result "1-0"]
[ECO "D61"]
[WhiteElo "2181"]
[BlackElo "1941"]
[Annotator "ChessBase"]
[PlyCount "87"]
[EventDate "2024.09.05"]
[EventType "team-tourn"]
[EventCountry "HUN"]
[SourceTitle "playchess.com"]
[Source "ChessBase"]
[SourceQuality "1"]
[WhiteTeam "Lebanon"]
[BlackTeam "Ghana"]
[WhiteTeamCountry "LBN"]
[BlackTeamCountry "GHA"]
[TimeControl "40/5400+30:1800+30"]

1. Nf3 Nf6 2. c4 e6 3. Nc3 d5 4. d4 Be7 5. Bg5 O-O 6. e3 c6 7. Qc2 h6 8. Bh4 Nbd7 9. Bd3 dxc4 10. Bxc4 Nd5 11. Bg3 b5 12. Be2 Bb7 13. O-O a6 14. Ne4 Qb6 15. Ne5 Nxe5 16. Bxe5 Nb4 17. Qc3 a5 18. Nc5 Rfd8 19. Bf3 Rac8 20. a3 Nd5 21. Qc2 Ba8 22. Rac1 Nf6 23. Qb3 Nd5 24. h3 a4 25. Qc2 Bxc5 26. dxc5 Qb7 27. Rfd1 f6 28. Bg3 Qf7 29. Rd2 Ne7 30. Rcd1 Rxd2 31. Rxd2 f5 32. Rd6 Nd5 33. Be5 Rf8 34. Qd2 Kh7 35. Qd4 Bb7 36. Qh4 Re8 37. e4 fxe4 38. Bxe4+ g6 39. Qg3 Re7 40. Rd8 Nf6 41. Bxg6+ Qxg6 42. Rh8+ Kg7 43. Rg8+ Kxg8 44. Qxg6+ 1-0

[Event "45th FIDE Olympiad 2024"]
[Site "Budapest"]
[Date "2024.09.12"]
[Round "2.199"]
[White "Fomevor, Cephas Clinton"]
[Black "Assaad, Joe"]
[Result "0-1"]
[ECO "E38"]
[WhiteElo "1873"]
[BlackElo "2150"]
[Annotator "ChessBase"]
[PlyCount "98"]
[EventDate "2024.09.05"]
[EventType "team-tourn"]
[EventCountry "HUN"]
[SourceTitle "playchess.com"]
[Source "ChessBase"]
[SourceQuality "1"]
[WhiteTeam "Ghana"]
[BlackTeam "Lebanon"]
[WhiteTeamCountry "GHA"]
[BlackTeamCountry "LBN"]
[TimeControl "40/5400+30:1800+30"]

1. d4 Nf6 2. c4 e6 3. Nc3 Bb4 4. Qc2 O-O 5. Nf3 c5 6. Bg5 h6 7. Bh4 g5 8. Bg3 cxd4 9. Nxd4 d5 10. e3 Ne4 11. cxd5 exd5 12. Bd3 Bxc3+ 13. bxc3 f5 14. Bxe4 fxe4 15. O-O Nc6 16. Nxc6 bxc6 17. Rfd1 Ba6 18. Qa4 Bb5 19. Qd4 Bd3 20. Rd2 Rf7 21. Rb2 h5 22. a4 h4 23. Be5 Qd7 24. Qc5 Qf5 25. Bd6 Rc8 26. h3 g4 27. hxg4 Qxg4 28. Be5 Be2 29. Rxe2 Qxe2 30. Rf1 Qg4 31. Qd6 h3 32. Bg3 hxg2 33. Kxg2 Qf3+ 34. Kg1 Rcf8 35. Qg6+ Rg7 36. Qe6+ Qf7 37. Qxf7+ Rfxf7 38. Rb1 Rb7 39. Rxb7 Rxb7 40. Bd6 Rb1+ 41. Kg2 Ra1 42. Kg3 Kf7 43. f3 exf3 44. Kxf3 Rxa4 45. Bc5 Ke6 46. Ke2 a5 47. Kd3 Kf5 48. Kc2 Ke4 49. Kb3 Rc4 0-1